 Dungeon Crawl Stone Soup version 0.30-a0-55-g90e3122c3a (webtiles) character file.

Game seed: 9723160981914880613

104 Newt the Trooper (level 4, -2/37 HPs)
             Began as a Demonspawn Gladiator on Sept 9, 2022.
             Was an Initiate of Gozag.
             Killed by divine providence
             ... invoked by an orc priest
              (15 damage)
             ... on level 4 of the Dungeon.
             The game lasted 00:03:04 (3655 turns).

Newt the Trooper (Demonspawn Gladiator)             Turns: 3655, Time: 00:03:05

Health: -2/37      AC:  7    Str: 17    XL:     4   Next: 52%
Magic:  4/4        EV: 12    Int: 14    God:    Gozag
Gold:   193        SH:  0    Dex: 14    Spells: 3/3 levels left

rFire   . . .      SeeInvis +    q - +5 long sword "Wyky" {vorpal, Int+3 SInv}
rCold   . . .      Faith    .    (no shield)
rNeg    . . .      Spirit   .    t - +3 leather armour
rPois   .          Reflect  .    c - +0 helmet
rElec   .          Harm     .    (no cloak)
rCorr   .          Rampage  .    (no gloves)
Will    .....                    (no boots)
Stlth   ++........               (no amulet)
HPRegen 0.12/turn                (no ring)
MPRegen 0.09/turn                (no ring)

@: no status effects
A: powered by death 2, big brain 1
a: Renounce Religion, Potion Petition, Call Merchant, Bribe Branch


You were on level 4 of the Dungeon.
You worshipped Gozag.
Gozag was aware of your devotion.
You visited 1 branch of the dungeon, and saw 4 of its levels.

You collected 252 gold pieces.
You paid 59 gold pieces to Gozag.

Inventory:

Hand Weapons
 a - a +0 rapier
 p - a +3 dagger
 q - the +5 long sword "Wyky" (weapon) {vorpal, Int+3 SInv}
   (You found it on level 3 of the Dungeon)

   It inflicts extra damage upon your enemies.
   Int:       It affects your intelligence (+3).
   SInv:      It lets you see invisible.
Missiles
 d - 4 throwing nets (quivered)
 e - a javelin
Armour
 b - a +0 leather armour
 c - a +0 helmet (worn)
 t - a +3 leather armour (worn)
Scrolls
 l - 2 scrolls of amnesia
 m - 2 scrolls of noise
 n - 3 scrolls of summoning
 s - a scroll of enchant weapon
 u - a scroll of enchant armour {unknown}
 v - a scroll of fear {unknown}
Potions
 f - a potion of curing
 g - a potion of flight
 h - a potion of ambrosia {unknown}
 i - a potion of magic {unknown}
 j - a potion of haste {unknown}
 k - a potion of lignification {unknown}
 o - a potion of degeneration {unknown}
 r - a potion of mutation {unknown}


   Skills:
 - Level 4.0 Fighting
 - Level 2.6(2.8) Short Blades
 + Level 1.0(2.0) Long Blades
 - Level 1.7 Throwing
 - Level 2.6 Dodging
 - Level 2.0 Stealth


You had 3 spell levels left.
You didn't know any spells.
Your spell library contained the following spells:

 Spells                   Type           Power      Damage    Failure   Level
 Magic Dart               Conj           0%         1d3       34%         1
 Call Imp                 Summ           0%         N/A       47%         2
 Mephitic Cloud           Conj/Pois/Air  0%         N/A       71%         3


Dungeon Overview and Level Annotations

Branches:
Dungeon (4/15)
 Temple: D:4-7

Altars:
Dithmenos
Gozag

Annotations:
D:4 2 runed translucent doors


Innate Abilities, Weirdness & Mutations

You regenerate health from kills.
You have an unusually large brain. (Int +2)


Message History

The hobgoblin hits you. The hobgoblin misses you.
You closely miss the hobgoblin.
The hobgoblin is heavily wounded.
The hobgoblin barely misses you.
You slash the hobgoblin!
You kill the hobgoblin!
No target in view!
No target in view!
No target in view!
No target in view!
HP restored.
You now have 193 gold pieces (gained 5).
v - a scroll labelled RYAMAO XONISK 2 orcs come into view.
You aren't carrying any pieces of jewellery.
An orc priest comes into view. It is wielding a +0 morningstar.
The orc priest shouts!
The orc shouts! x2
The orc priest mumbles some strange prayers to Beogh against you.
Pain shoots through your body!
You barely miss the orc. The orc hits you with a +0 mace!
The orc priest miscasts a cantrip.
The orc hits you but does no damage. The orc hits you but does no damage.
The orc barely misses you. The orc priest barely misses you.
You hit the orc priest.
The orc priest is moderately wounded.
The orc closely misses you. The orc priest closely misses you.
The orc closely misses you.
You barely miss the orc priest.
The orc priest is moderately wounded.
The orc hits you with a +0 dagger.
The orc priest hits you with a +0 morningstar!
The orc closely misses you.
You hit the orc priest.
The orc priest is heavily wounded.
The orc hits you but does no damage. The orc closely misses you.
The orc priest invokes the aid of Beogh against you.
Beogh smites you!
You die...
Your body crumbles into a pile of gold.

#..... #..... #.)...
#..... ##### #.....
...... #.....
###...#############.....
........o...............
#.....o@...........[....
.......o.###............
..#......# #............
##...### ###.........<
#... #......<... #..##
###........ #..
#......>. #..
###........ #..........


You could see an orc priest and 2 orcs.

Vanquished Creatures
  4 adders
  A dart slug (D:2)
  2 worms (D:2)
  2 orcs
  4 bats
  3 endoplasms
  2 giant cockroaches
  4 goblins
  7 hobgoblins
  2 jackals (D:3)
  4 kobolds
  4 quokkas
  9 ball pythons
  3 frilled lizards
  4 rats
55 creatures vanquished.

Notes
Turn   | Place    | Note
-------+----------+-------------------------------------------
     0 | D:1      | Newt the Demonspawn Gladiator began the quest for the Orb.
     0 | D:1      | Reached XP level 1. HP: 16/16 MP: 1/1
   218 | D:1      | Reached skill level 1 in Stealth
   416 | D:1      | Gained mutation: You have an unusually large brain. (Int
                  | +2) [demonic ancestry]
   416 | D:1      | Reached XP level 2. HP: 17/22 MP: 2/2
   950 | D:1      | Gained mutation: You regenerate a little health from kills.
                  | [demonic ancestry]
   950 | D:1      | Reached XP level 3. HP: 28/28 MP: 3/3
  1230 | D:2      | Reached skill level 3 in Fighting
  2432 | D:2      | Found a faded altar of an unknown god.
  2520 | D:2      | Gained mutation: You regenerate health from kills. [demonic
                  | ancestry]
  2520 | D:2      | Reached XP level 4. HP: 27/37 MP: 4/4
  2727 | D:3      | Found a shadowy altar of Dithmenos.
  2737 | D:3      | Identified the +5 long sword "Wyky" {vorpal, Int+3 SInv}
  2752 | D:3      | Found an opulent altar of Gozag.
  2905 | D:3      | Reached skill level 4 in Fighting
  2944 | D:3      | Became a worshipper of Gozag Ym Sagoz the Greedy
  3324 | D:4      | Found a large runed translucent door.
  3324 | D:4      | Found a large runed translucent door.
  3346 | D:4      | Reached skill level 1 in Long Blades
  3655 | D:4      | Killed from afar by an orc priest

Illustrated notes

Levels and vault maps discovered:
D:1:      dpeg_arrival_signposts, layout_loops_ring, minmay_tetromino_t4
D:2:      layout_rooms, dilly_ecumenical_altar_fadedgnrine
D:3:      layout_rooms, grunt_gozag_breadcrumbs,
          mainiacjoe_overflow_tiny_flanked, st_stairs_9
D:4:      layout_layer_cave, jmf_multi_god_temple2, minmay_temple_entry_mist,
          serial_co_window_serial, co_window_cross_1, co_window_paths_a,
          co_window_of_opportunity_a, co_window_of_opportunity_a,
          co_window_paths_b, co_window_broadway_a, co_window_paths_c,
          co_window_2corner, co_window_2corner, co_window_of_opportunity_b,
          co_window_of_opportunity_b, co_window_of_opportunity_b,
          glass_columns_a, glass_columns_a, glass_columns_b, glass_columns_a,
          minmay_quantized, uniq_pikel

Skill      XL: |  1  2  3  4 |
---------------+-------------+-----
Stealth        | 1 2 |  2.0
Fighting       | 3 4 |  4.0
Long Blades    | 1 |  1.0
Short Blades   | |  2.6
Throwing       | |  1.7
Dodging        | |  2.6

Action                   |  1- 3 |  4- 6 || total
-------------------------+-------+-------++-------
Melee: Rapier            |   156 |       ||   156
       Long sword        |       |    28 ||    28
       Dagger            |       |    13 ||    13
Throw: Throwing net      |     1 |       ||     1
  Use: Scroll            |     5 |     1 ||     6
 Stab: Sleeping          |     4 |     4 ||     8
       Held in net/web   |     1 |       ||     1
Armor: Leather armour    |    50 |    14 ||    64
Dodge: Dodged            |   100 |    38 ||   138

Table legend: (Time is in decaauts)
 A = Elapsed time spent in this place.
 B = Non-inter-level travel time spent in this place.
 C = Inter-level travel time spent in this place.
 D = Time resting spent in this place.
 E = Time spent auto-exploring this place.
 F = Levels seen in this place.
 G = Mean time per level.
                   A        B        C        D        E       F      G
               +--------+--------+--------+--------+--------+-----+--------+
         Total |   3674 |   3507 |    167 |   1113 |   1908 |   4 |  918.5 |
       Dungeon |   3674 |   3507 |    167 |   1113 |   1908 |   4 |  918.5 |
               +--------+--------+--------+--------+--------+-----+--------+

Top non-repeatable levels by time:
     D:1: 1565 daAuts
     D:2: 1198 daAuts
     D:3: 563 daAuts
     D:4: 346 daAuts
